AoeStats
← MZTK | GaboxNet .i.

MegaRandom

510419366Analyzed
2v2 RM · 12h ago on Sep 30, 2026· 45m 0s· 4 players
Game mode
Random Map
Map size
Medium (4 player)
Population
200
Speed
Normal
Resources
Standard
Victory
Conquest
Starting age
Dark Age
Ending age
Imperial Age
RankedLock teamsTeams togetherTeam positionsShared explorationLock speedFull tech treeHidden civsTurbo modeCheats
Victory
Defeat
🇦🇷 Saxons · Argentina
1333
+12
🇦🇷 Georgians · Argentina
1105
+20
🇲🇽 Tatars · Mexico
1247
-17
🇲🇽 Mongols · Mexico
1203
-15
Nerfo
8:54 Loom
11:02 Feudal Age
15:15 Castle Age
14:00 Double-Bit Axe
14:38 Stone Mining
15:11 Horse Collar
19:09 Bow Saw
24:43 Wheelbarrow
24:01 Town Watch
24:10 Gold Mining
24:23 Heavy Plow
27:42 Scale Mail Armor
28:06 Hand Cart
28:05 Forging
28:56 Gold Shaft Mining
29:18 Chain Mail Armor
28:56 Fletching
30:08 Chain Mail Armor
30:28 Iron Casting
30:42 Squires
30:45 Bodkin Arrow
34:50 Imperial Age
32:38 Arson
32:58 Guard Tower
33:19 Masonry
34:53 Elite Hearth Troop
35:54 Conscription
36:30 Plate Mail Armor
36:34 Bracer
38:32 Two-Man Saw
38:06 Crop Rotation
38:00 Shield Wall
38:08 Elite Varangian Guard
40:07 Ballistics
40:47 Chemistry
40:18 Architecture
40:25 Keep
39:48 Murder Holes
Franz
2:32 Loom
12:11 Feudal Age
20:49 Castle Age
20:03 Horse Collar
20:19 Double-Bit Axe
20:41 Stone Mining
23:52 Town Watch
37:41 Bow Saw
37:37 Gold Mining
MZTK | GaboxNet .i.
9:06 Feudal Age
15:12 Castle Age
13:40 Fletching
14:18 Double-Bit Axe
20:47 Bodkin Arrow
22:52 Wheelbarrow
22:14 Loom
24:28 Bow Saw
26:02 Horse Collar
30:21 Padded Archer Armor
32:53 Imperial Age
32:36 Forging
33:38 Hand Cart
33:30 Scale Barding Armor
34:08 Parthian Tactics
34:04 Light Cavalry
34:55 Bloodlines
35:25 Chain Barding Armor
37:31 Man-at-Arms
38:12 Squires
38:13 Scale Mail Armor
38:30 Long Swordsman
40:09 Two-Handed Swordsman
MZTK l ROD
7:23 Loom
11:32 Feudal Age
11:58 Man-at-Arms
12:42 Town Watch
12:47 Double-Bit Axe
14:57 Wheelbarrow
15:00 Scale Mail Armor
18:30 Horse Collar
23:23 Castle Age
21:46 Fletching
23:36 Gold Mining
24:08 Bodkin Arrow
24:55 Gold Shaft Mining
24:56 Town Patrol
27:11 Stone Mining
27:37 Scale Barding Armor
27:42 Forging
35:56 Imperial Age
34:59 Ballistics
38:31 Iron Casting
37:43 Long Swordsman
38:24 Squires
38:09 Arson
38:40 Two-Handed Swordsman
43:25 Blast Furnace
Connection lost

Rejoining the realm…

Still unreachable

The connection could not be restored.

Session expired

The server has moved on; the page needs a fresh start.